 Dungeon Crawl Stone Soup version 0.25.1-2-g60ff931df9 (webtiles) character file.

Game seed: 298155841286655359

39 hawla the Stinger (level 3, -3/26 HPs)
             Began as a Draconian Venom Mage on Nov 13, 2020.
             Slain by a centaur skeleton (6 damage)
             ... on level 2 of the Dungeon.
             The game lasted 00:03:16 (1124 turns).

hawla the Stinger (Draconian Venom Mage)            Turns: 1124, Time: 00:03:17

Health: -3/26      AC:  5    Str: 10    XL:     3   Next: 26%
Magic:  5/7        EV: 12    Int: 16    God:
Gold:   24         SH:  0    Dex: 11    Spells: 5/8 levels left

rFire    . . .     SeeInvis .   i - +0 hand axe
rCold    . . .     Gourm    .   (no shield)
rNeg     . . .     Faith    .   (armour unavailable)
rPois    .         Spirit   .   (helmet restricted)
rElec    .         Reflect  .   (no cloak)
rCorr    .         Harm     .   (no gloves)
MR       .....                  (no boots)
Stlth    +.........             (no amulet)
HPRegen  0.08/turn              (no ring)
MPRegen  0.10/turn              (no ring)

@: brilliant
A: unfitting armour, hooves 1, sense surroundings 1, cold-blooded, AC +5
a: no special abilities


You were on level 2 of the Dungeon.
You were not hungry.

You visited 1 branch of the dungeon, and saw 2 of its levels.

You collected 24 gold pieces.

Inventory:

Hand Weapons
 i - a +0 hand axe (weapon)
Missiles
 c - 4 boomerangs (quivered)
Jewellery
 d - a +4 ring of evasion {unknown}
Scrolls
 e - a scroll of remove curse
 f - a scroll of magic mapping
Comestibles
 a - 2 chunks of flesh
 b - a ration


   Skills:
 - Level 1.7 Dodging
 - Level 1.7 Stealth
 * Level 3.0 Spellcasting
 + Level 1.4 Transmutations
 + Level 0.7 Air Magic
 + Level 3.1 Poison Magic


You had 5 spell levels left.
You knew the following spells:

 Your Spells              Type           Power        Failure   Level  Hunger
a - Sting                 Tmut/Pois      ##..         8%          1    None
b - Poisonous Vapours     Pois/Air       ##....       13%         2    None

Your spell library contained the following spells:

 Spells                   Type           Power        Failure   Level  Hunger
 Ignite Poison            Fire/Tmut/Pois ##......     30%         3    None
 Mephitic Cloud           Conj/Pois/Air  #.......     32%         3    None
 Olgreb's Toxic Radiance  Pois           ###.....     45%         4    None


Dungeon Overview and Level Annotations

Branches:
Dungeon (2/15)

Altars:
Cheibriados


Innate Abilities, Weirdness & Mutations

Your plain brown scales are hard. (AC +5)
You cannot fit into any form of body armour.
You are cold-blooded and may be slowed by cold attacks.
You have large cloven feet.
You passively map a small area around you.


Message History

The centaur skeleton is moderately damaged.
The centaur skeleton hits you.
You hit the centaur skeleton but do no damage.
The centaur skeleton is moderately damaged.
The centaur skeleton hits you.
* * * LOW HITPOINT WARNING * * *
The centaur skeleton hits you but does no damage.
You hit the centaur skeleton.
The centaur skeleton is moderately damaged.
The centaur skeleton hits you.
* * * LOW HITPOINT WARNING * * *
The centaur skeleton closely misses you.
It was a potion of mutation.
You feel extremely strange.
Your feet thicken and deform.
You feel a strange attunement to the structure of the dungeons.
The centaur skeleton barely misses you.
It was a potion of brilliance.
You feel clever all of a sudden. The centaur skeleton hits you.
You die...

* ***,* **,* *,,,,,,,* *
**,,,* #.########***
***,,*** *........#
*,,>** **.......# *,***
*#......##
,,*******#####.......##
,,,,,,,,,.............##
************#..........#
* #...@......# **
#...Z......# ,*
#<.........# ,*
#..........# ,*
##........## ,*
*#........#* ,**
#..........# ,,**
#..........# *,,**
#..........#


You could see a centaur skeleton.

Vanquished Creatures
  A gnoll (D:1)
  A dart slug (D:2)
  3 leopard geckos (D:1)
  A ball python (D:1)
  2 giant cockroaches (D:1)
  A goblin (D:1)
  3 hobgoblins (D:1)
  2 kobolds (D:1)
  4 bats (D:1)
  4 frilled lizards (D:1)
  A rat (D:1)
23 creatures vanquished.

Notes
Turn   | Place    | Note
-------+----------+-------------------------------------------
     0 | D:1      | hawla the Draconian Venom Mage began the quest for the Orb.
     0 | D:1      | Reached XP level 1. HP: 14/14 MP: 3/3
   168 | D:1      | Reached XP level 2. HP: 20/20 MP: 0/5
   234 | D:1      | Learned a level 2 spell: Poisonous Vapours
   563 | D:1      | Reached XP level 3. HP: 26/26 MP: 0/7
  1025 | D:1      | Found a snail-covered altar of Cheibriados.
  1123 | D:2      | Gained mutation: You have large cloven feet. [potion of
                  | mutation]
  1123 | D:2      | Gained mutation: You passively map a small area around you.
                  | [potion of mutation]
  1124 | D:2      | Slain by a centaur skeleton

Illustrated notes

Levels and vault maps discovered:
D:1:      dpeg_arrival_water_altar, layout_basic, serial_glass, glass_columns_c,
          glass_columns_a, minmay_pentomino_t2
D:2:      layout_rooms, fedhas_ov_isle_minmay, uniq_sigmund

Skill      XL: |  1  2 |
---------------+-------+-----
Spellcasting   | 3 |  3.0
Dodging        | |  1.7
Stealth        | |  1.7
Transmutations | |  1.4
Air Magic      | |  0.7
Poison Magic   | |  3.1

Action                   || total
-------------------------++-------
Melee: Unarmed           ||    13
       Tailslap          ||     3
       Hand axe          ||     3
 Cast: Sting             ||    23
       Poisonous Vapours ||    16
  Use: Potion            ||     3
       Scroll            ||     2
  Eat: Chunk             ||     2
Armor: Skin              ||    11
Dodge: Dodged            ||    26
